 Dungeon Crawl Stone Soup version 0.18-a0-1702-gd20c6a5 (webtiles) character file.

178 dohliylev the Sneak (level 5, -9/35 HPs)
             Began as a Vampire Enchanter on Apr 6, 2016.
             Killed from afar by a white imp (12 damage)
             ... with a puff of frost
             ... summoned by Natasha
             ... on level 3 of the Dungeon.
             The game lasted 00:08:49 (2026 turns).

dohliylev the Sneak (Vampire Enchanter)             Turns: 2026, Time: 00:08:49

Health: -9/35      AC:  3    Str:  7    XL:     5   Next: 32%
Magic:  5/8        EV: 13    Int: 17    God:
Gold:   100        SH:  0    Dex: 16    Spells: 2 memorised, 5 levels left

rFire  . . .     SeeInvis +     a - +1 dagger
rCold  . . .     Gourm    .     b - +1 robe
rNeg   + . .     Faith    .     (no shield)
rPois  .         Spirit   .     (no helmet)
rElec  .         Dismiss  .     (no cloak)
rCorr  .         Reflect  .     (no gloves)
SustAt .         Harm     .     (no boots)
MR     +....                    (no amulet)
Stlth  ++++......               (no ring)
                                g - ring of protection from magic

@: somewhat resistant to hostile enchantments, stealthy
A: fangs 3, see invisible, unbreathing
a: Bat Form


You were on level 3 of the Dungeon.
You were not thirsty.

You visited 1 branch of the dungeon, and saw 3 of its levels.

You collected 100 gold pieces.

Inventory:

Hand Weapons
 a - a +1 dagger (weapon)
Armour
 b - a +1 robe (worn)
 r - a +2 cloak
Jewellery
 g - a ring of protection from magic (left hand)
Scrolls
 e - 4 scrolls of remove curse {unknown}
 h - a scroll of noise {unknown}
 j - a scroll of enchant armour {unknown}
 k - 4 scrolls of identify {unknown}
 l - a scroll of blinking {unknown}
 m - 2 scrolls of teleportation {unknown}
 p - a scroll of magic mapping {unknown}
 u - a scroll of enchant weapon {unknown}
Potions
 d - 29 potions of blood
 f - 4 potions of curing {unknown}
 i - 2 potions of berserk rage {unknown}
 n - 3 potions of heal wounds {unknown}
 o - 2 potions of flight {unknown}
 q - a potion of mutation {unknown}
 s - a potion of cancellation {unknown}
 t - a potion of degeneration {unknown}
 v - 2 potions of cure mutation {unknown}
 w - a potion of invisibility {unknown}
Books
 c - a book of Maledictions

   Spells                             Type                      Level
   a - Corona                         Hexes                        1
   b - Ensorcelled Hibernation        Hexes/Ice                    2
   c - Confuse                        Hexes                        3
   d - Tukima's Dance                 Hexes                        3
   e - Dazzling Spray                 Conjuration/Hexes            3


   Skills:
 + Level 0.1 Fighting
 + Level 1.2 Short Blades
 + Level 3.3 Dodging
 * Level 7.3 Stealth
 + Level 2.3 Spellcasting
 + Level 5.1 Hexes
 + Level 1.0 Ice Magic


You had 5 spell levels left.
You knew the following spells:

 Your Spells              Type           Power        Failure   Level  Hunger
a - Corona                Hex            ###....      2%          1    #......
b - Ensorcelled Hibernat  Hex/Ice        ##....       10%         2    ###....


Dungeon Overview and Level Annotations

Branches:
Dungeon (3/15)

Altars:
Cheibriados

Portals:
Sewer: D:3

Annotations:
D:3 Natasha, Robin


Innate Abilities, Weirdness & Mutations

You have razor-sharp teeth.
You have supernaturally acute eyesight.
You can survive without breathing.


Message History

Aim: a rat (chance to defeat MR: 80%)
The rat looks drowsy...
The helpless rat fails to defend itself.
You impale the rat!!
You kill the rat!
You see here a ball python corpse.
You bottle the corpse's blood.
Natasha casts a spell.
You see here a potion of blood.
Natasha stares at you and mumbles some strange words.
The magic dart hits you!
* * * LOW HITPOINT WARNING * * *
The white imp gestures at you. The puff of frost misses you.
Natasha stares at you and mumbles some strange words.
The magic dart hits you!
* * * LOW HITPOINT WARNING * * *
The white imp gestures at you. The puff of frost hits you!
You die...

## #. #. ##.. #. #..
######. #.######......
######?##.....###..
#..........#.## #..
########.@........#.)# #..
#.................##.# #..
#.##...#........(##...##..
#......!†.......##.....##.
#.......5h..#####.......#.
#....≈≈≈....# #w.[_...#.
#..r≈≈≈≈≈...# #.......##
#...≈≈∩≈≈...# ##.....##
#..r≈≈≈≈≈...# ##.(.##


You could see Natasha and a white imp.

Vanquished Creatures
  Ijyb (D:3)
  6 gnolls
  2 oozes (D:2)
  3 worms (D:2)
  A dart slug (D:3)
  2 giant geckos
  6 orcs (D:3)
  6 giant cockroaches
  7 goblins
  4 hobgoblins
  2 jackals (D:2)
  2 quokkas
  A ball python (D:3)
  6 bats
  4 giant newts
  7 kobolds
  9 rats
69 creatures vanquished.

Notes
Turn   | Place    | Note
--------------------------------------------------------------
     0 | D:1      | dohliylev the Vampire Enchanter began the quest for the Orb.
     0 | D:1      | Reached XP level 1. HP: 13/13 MP: 3/3
   184 | D:1      | Reached XP level 2. HP: 13/19 MP: 5/5
   189 | D:1      | Learned a level 2 spell: Ensorcelled Hibernation
   267 | D:1      | Reached skill level 5 in Stealth
   920 | D:2      | Reached XP level 3. HP: 24/24 MP: 6/6
  1157 | D:2      | Reached skill level 6 in Stealth
  1161 | D:2      | Reached XP level 4. HP: 30/30 MP: 5/7
  1694 | D:3      | Noticed Ijyb
  1765 | D:3      | Killed Ijyb
  1765 | D:3      | Reached skill level 7 in Stealth
  1765 | D:3      | Reached skill level 5 in Hexes
  1765 | D:3      | Reached XP level 5. HP: 35/35 MP: 4/8
  1783 | D:3      | Noticed Robin
  1822 | D:3      | Reached skill level 1 in Ice Magic
  1991 | D:3      | Found a snail-covered altar of Cheibriados.
  2005 | D:3      | Found a glowing drain.
  2008 | D:3      | Noticed Natasha
  2026 | D:3      | Killed from afar by a white imp

Vault maps used:
D:1:      minmay_arrival_up_and_down
D:2:      minmay_strange_pillars, grunt_ministairs_12, minmay_unequal
D:3:      lemuel_round_altar, portal_sewer_entry_a,
          nicolae_gozag_cash_rules_everything_around_me, uniq_iyjb, uniq_robin,
          uniq_natasha

Skill      XL: |  1  2  3  4  5 |
---------------+----------------+-----
Stealth        | 5 6 7 |  7.3
Dodging        | 3 |  3.3
Hexes          | 5 |  5.1
Ice Magic      | 1 |  1.0
Fighting       | |  0.1
Short Blades   | |  1.2
Spellcasting   | |  2.3

Action                   |  1- 3 |  4- 6 || total
-------------------------+-------+-------++-------
Melee: Dagger            |    84 |   109 ||   193
 Cast: Ensorcelled Hiber |     8 |    30 ||    38
 Abil: End Transformatio |       |     1 ||     1
       Bat Form          |       |     1 ||     1
  Use: Potion            |       |     2 ||     2
 Stab: Sleeping          |    16 |    24 ||    40
